 Dungeon Crawl Stone Soup version 0.31-a0-202-g547052bce9 (webtiles) character file.

Game seed: 15361326037859173214

160 qw the Skirmisher (level 5, -3/29 HPs)
             Began as a Deep Elf Hunter on June 26, 2023.
             Blown up by Ijyb (19 damage)
             ... with a mindburst bolt
             ... on level 3 of the Dungeon.
             The game lasted 00:00:53 (2164 turns).

qw the Skirmisher (Deep Elf Hunter)                 Turns: 2164, Time: 00:00:53

Health: -3/29      AC:  5    Str: 10    XL:     5   Next: 17%
Magic:  7/7        EV: 11    Int: 14    God:
Gold:   165        SH:  0    Dex: 18    Spells: 4/4 levels left

rFire   . . .        Y - +0 shortbow
rCold   . . .        (shield currently unavailable)
rNeg    . . .        f - +0 ring mail
rPois   .            (no helmet)
rElec   .            (no cloak)
rCorr   .            (no gloves)
SInv    .            (no boots)
Will    .....        (no amulet)
Stlth   +            (no ring)
HPRegen 0.24/turn    (no ring)
MPRegen 0.10/turn

%: no passive effects
@: no status effects
A: no striking features
a: no special abilities


You were on level 3 of the Dungeon.
You visited 1 branch of the dungeon, and saw 3 of its levels.

You collected 165 gold pieces.


   Skills:
 - Level 1.5 Fighting
 + Level 8.6 Ranged Weapons
 - Level 2.4 Dodging
 - Level 1.2 Stealth


You had 4 spell levels left.
You didn't know any spells.
Your spell library was empty.

Inventory:

Hand Weapons
 Y - a +0 shortbow (weapon)
Armour
 f - a +0 ring mail (worn)
Jewellery
 b - an amulet of magic regeneration
Scrolls
 d - a scroll of immolation {unknown}
Potions
 a - a potion of curing
 c - a potion of resistance
 e - a potion of heal wounds {unknown}
 g - a potion of attraction {unknown}

Dungeon Overview and Level Annotations

Branches:
Dungeon (3/15)

Altars:

Shops:
D:2 (

Annotations:
D:3 1 runed translucent door, Ijyb; qw's ghost, amateur DEHu


Message History

You shoot an arrow.
The arrow hits the bat but does no damage.
The bat closely misses you.
You shoot an arrow. The arrow barely misses the bat.
The bat misses you.
You shoot an arrow. The arrow barely misses the bat.
The bat hits you. The bat hits you but does no damage.
You shoot an arrow. The arrow hits the bat!
You kill the bat!
You start resting.
HP restored.
Ijyb the Twisted Goblin comes into view.
She is wielding a +0 club and carrying a wand of mindburst (15).
Enter note:
Enter note:
Enter note:
Enter note: You shoot an arrow.
The arrow hits Ijyb but does no damage.
Ijyb shouts!
Ijyb zaps a wand.
Your mind is blasted!
You shoot an arrow. The arrow closely misses Ijyb.
Ijyb zaps a wand.
Your mind is blasted!
You shoot an arrow. The arrow hits Ijyb but does no damage.
Ijyb screams, "Me stronger than you!"
Ijyb zaps a wand.
Your mind is blasted!
You shoot an arrow. The arrow closely misses Ijyb.
You shoot an arrow. The arrow hits Ijyb.
Ijyb is moderately wounded.
Ijyb hits you but does no damage.
You shoot an arrow. The arrow closely misses Ijyb.
Ijyb barely misses you.
You shoot an arrow. The arrow hits Ijyb but does no damage.
Ijyb is moderately wounded.
Ijyb hits you but does no damage.
You shoot an arrow. The arrow hits Ijyb but does no damage.
Ijyb is moderately wounded.
Ijyb hits you but does no damage.
You shoot an arrow. The arrow closely misses Ijyb.
Ijyb zaps a wand.
Your mind is blasted!
Ouch! That really hurt!
You die...

#.###...####.#.........#
#.# #........#.........#
..# #....#####.........#
..# #....# #..........#
..# #....# #..........#
..# ###### #..........#
..####...####..........#
..............#####.####
.....#...#######@...#
.....#...# #g####
#....##### #.. #....#
###. ###### .# . .. ..


You could see Ijyb.

Vanquished Creatures
  Jessica (D:3)
  Natasha (D:3)
  5 adders
  2 worms
  A dart slug (D:1)
  An orc (D:3)
  5 endoplasms
  A giant cockroach (D:1)
  7 hobgoblins
  4 jackals (D:1)
  3 quokkas (D:1)
  8 ball pythons
  2 bats
  3 frilled lizards
  7 goblins
  4 kobolds
  2 rats
57 creatures vanquished.

Notes
Turn   | Place    | Note
-------+----------+-------------------------------------------
     0 | D:1      | qw the Deep Elf Hunter began the quest for the Orb.
     0 | D:1      | Reached XP level 1. HP: 12/12 MP: 3/3
     0 | D:1      | 0 ||| qw: Version: 0.3-a-22-g0ed2b0b
     0 | D:1      | 0 ||| qw: Game counter: 6009
     0 | D:1      | 0 ||| qw: Melee chars always use a shield: true
     0 | D:1      | 0 ||| qw: God list: Okawaru
     0 | D:1      | 0 ||| qw: Allow faded altars: false
     0 | D:1      | 0 ||| qw: Do Orc after clearing Dungeon:15 true
     0 | D:1      | 0 ||| qw: Do second Lair branch before Depths: true
     0 | D:1      | 0 ||| qw: Lair rune preference: random
     0 | D:1      | 0 ||| qw: Goals: Normal
     0 | D:1      | 0 ||| PLANNING D:1-11
    62 | D:1      | HP: 3/12 [hobgoblin (2)]
    66 | D:1      | Reached XP level 2. HP: 5/16 MP: 4/4
    70 | D:1      | HP: 4/16 [goblin/+0 club (2)]
    72 | D:1      | Reached skill level 6 in Ranged Weapons
   477 | D:1      | Reached XP level 3. HP: 20/20 MP: 5/5
   922 | D:1      | 922 ||| UPGRADING to +0 ring mail.
   932 | D:1      | 932 ||| DROPPING +0 leather armour.
   933 | D:1      | 933 ||| READING scroll labelled FECRIN AL MYP.
   934 | D:1      | 934 ||| READING scroll labelled GOUF ENNUE.
  1035 | D:1      | 1035 ||| READING scroll labelled MAPRURIPLI.
  1036 | D:1      | 1036 ||| READING 2 scrolls labelled WUSMYMYGGY.
  1037 | D:1      | 1037 ||| DROPPING scroll of butterflies.
  1038 | D:1      | 1038 ||| DROPPING scroll of amnesia.
  1080 | D:2      | Found Azasysui's Antique Weapon Emporium.
  1111 | D:2      | Found a faded altar of an unknown god.
  1217 | D:2      | Reached skill level 7 in Ranged Weapons
  1403 | D:2      | Reached XP level 4. HP: 25/25 MP: 6/6
  1825 | D:2      | 1825 ||| READING scroll labelled QEITTU CIUSH.
  1826 | D:2      | 1826 ||| READING scroll labelled WERAHI VUJUUBU.
  1827 | D:2      | 1827 ||| DRINKING 2 sapphire potions.
  1857 | D:3      | Noticed qw's ghost (amateur DEHu)
  1866 | D:3      | Found a runed translucent door.
  1884 | D:3      | Noticed Jessica
  1886 | D:3      | 1886 ||| FLEEEEING.
  1890 | D:3      | 1890 ||| FLEEEEING.
  1891 | D:3      | 1891 ||| FLEEEEING.
  1892 | D:3      | 1892 ||| FLEEEEING.
  1893 | D:3      | 1893 ||| FLEEEEING.
  1894 | D:3      | 1894 ||| STAIRDANCE
  1929 | D:3      | Killed Jessica
  1930 | D:3      | Reached skill level 8 in Ranged Weapons
  1961 | D:3      | 1961 ||| FLEEEEING.
  1963 | D:3      | 1963 ||| FLEEEEING.
  2061 | D:3      | Noticed Natasha
  2067 | D:3      | Killed Natasha
  2068 | D:3      | Reached XP level 5. HP: 26/29 MP: 7/7
  2155 | D:3      | Noticed Ijyb
  2164 | D:3      | Blown up by Ijyb

Levels and vault maps discovered:
D:1:      dpeg_arrival_erosion, layout_basic, serial_forest,
          infiniplex_forest_lined_4_way, infiniplex_forest_lined_4_way,
          infiniplex_forest_zigzag_1, infiniplex_forest_clump_long,
          infiniplex_forest_clump_tiny, infiniplex_forest_lined_3,
          infiniplex_forest_pool, infiniplex_forest_clump_curved,
          infiniplex_forest_straight_5, moated_statue
D:2:      layout_basic, serial_shops, nicolae_shop_advertising_works
          [nicolae_subvault_shop_adworks], ebering_ecumenical_altar_mist
D:3:      layout_basic, mainiacjoe_overflow_alcove_4,
          hellmonk_ghost_happy_afterlife, uniq_natasha, uniq_ijyb, uniq_jessica

Skill      XL: |  1  2  3  4 |
---------------+-------------+-----
Ranged Weapons | 6 7 8 |  8.6
Fighting       | |  1.5
Dodging        | |  2.4
Stealth        | |  1.2

Action                     |  1- 3 |  4- 6 || total
---------------------------+-------+-------++-------
   Fire: Shortbow          |   106 |    86 ||   192
    Use: Scroll            |     4 |     2 ||     6
         Potion            |       |     1 ||     1
 Armour: Leather armour    |    11 |       ||    11
         Ring mail         |     4 |    10 ||    14
  Dodge: Dodged            |    33 |    11 ||    44

Table legend:
 A = Non-vault XP
 B = Vault XP
 C = Vault XP percentage of total XP
 D = Non-vault monster count
 E = Vault monster count
 F = Vault count percentage of total count
                 A         B        C        D         E       F
            +---------+---------+-------+---------+---------+-------
      Total |     157 |      72 |  31.4 |      55 |       2 |   3.5
            +---------+---------+-------+---------+---------+-------
        D:1 |      54 |       0 |   0.0 |      31 |       0 |   0.0
        D:2 |      75 |       0 |   0.0 |      16 |       0 |   0.0
        D:3 |      28 |      72 |  72.0 |       8 |       2 |  20.0
            +---------+---------+-------+---------+---------+-------
